 Dungeon Crawl Stone Soup version 0.26-a0-489-g112e8ad46e (webtiles) character file.

Game seed: 6140562042419638965

135 KristoblXynda the Ducker (level 4, 0/34 HPs)
             Began as a Vampire Gladiator on Aug 3, 2020.
             Slain by a sky beast (6 damage)
             ... on level 3 of the Dungeon.
             The game lasted 00:05:14 (2564 turns).

KristoblXynda the Ducker (Vampire Gladiator)        Turns: 2564, Time: 00:05:15

Health: 0/34       AC:  7    Str: 14    XL:     4   Next: 97%
Magic:  4/4        EV: 13    Int: 10    God:
Gold:   143        SH:  0    Dex: 15    Spells: 3/3 levels left

rFire    . . .     SeeInvis +   a - +0 long sword
rCold    . . .     Faith    .   (no shield)
rNeg     . . .     Spirit   .   q - +0 ring mail (curse)
rPois    .         Reflect  .   s - +1 hat
rElec    .         Harm     .   (no cloak)
rCorr    .                      (no gloves)
MR       .....                  p - +0 pair of boots
Stlth    +.........             (no amulet)
HPRegen  0.31/turn              (no ring)
MPRegen  0.09/turn              (no ring)

@: regenerating quickly
A: fangs 3, see invisible, unbreathing
a: Exsanguinate


You were on level 3 of the Dungeon.
You visited 1 branch of the dungeon, and saw 3 of its levels.

You collected 143 gold pieces.

Inventory:

Hand Weapons
 a - a +0 long sword (weapon)
Missiles
 d - 4 throwing nets (quivered)
Armour
 b - a +2 robe of fire resistance
 m - a +0 buckler
 p - a +0 pair of boots (worn)
 q - a cursed +0 ring mail (worn)
 s - a +1 hat (worn)
Scrolls
 f - a scroll of noise {unknown}
 g - a scroll of remove curse {unknown}
 i - 2 scrolls of immolation {unknown}
 k - a scroll of magic mapping {unknown}
 l - 2 scrolls of teleportation {unknown}
 n - 2 scrolls of fog {unknown}
Potions
 e - 2 potions of curing
 h - a potion of might {unknown}
 o - 2 potions of stabbing
 r - a potion of brilliance


   Skills:
 + Level 2.8 Fighting
 + Level 3.8 Long Blades
 - Level 1.5 Throwing
 + Level 1.6 Armour
 + Level 4.2 Dodging


You had 3 spell levels left.
You didn't know any spells.
Your spell library was empty.

Dungeon Overview and Level Annotations

Branches:
Dungeon (3/15)

Altars:
Gozag
Kikubaaqudgha
Wu Jian


Innate Abilities, Weirdness & Mutations

Your natural rate of healing is unusually fast.
You have razor-sharp teeth.
You have supernaturally acute eyesight. (SInv)
You can survive without breathing.


Message History

The sky beast is moderately wounded.
The sky beast misses you.
You riposte.
You hit the sky beast.
The sky beast is heavily wounded.
You hit the sky beast.
The sky beast is heavily wounded.
The sky beast misses you.
Unknown command.
You hit the sky beast. You bite the sky beast.
The sky beast is severely wounded.
The sky beast hits you. The sky beast shocks you.
* * * LOW HITPOINT WARNING * * *
The sky beast flickers out of sight for a moment.
The sky beast hits you but does no damage.
Unknown command.
You completely miss the sky beast.
The sky beast is severely wounded.
The sky beast hits you.
* * * LOW HITPOINT WARNING * * *
The sky beast shocks you.
You die...

.............##..
.##..............
##..##..##....####.#
#. #...###.....###.#
#.##.##.^...........
........######.....
# ..#.###.# ###.#.
#. #..###.# ###.##
#. #@###..# #.....
###.##Y#...## #>##.#
#........### #...
#....#.### ####
....##..# #####.#
.## ##.## ......#
#..#######......#
#................ ..
######..........####


You could see a sky beast (invisible).

Vanquished Creatures
  Jessica (D:3)
  Robin (D:3)
  An adder (D:3)
  A shadow imp (D:3)
  2 oozes
  A worm (D:2)
  4 dart slugs (D:1)
  A leopard gecko (D:2)
  A bat (D:3)
  2 giant cockroaches
  16 goblins
  10 hobgoblins
  8 kobolds
  3 quokkas
  2 ball pythons
  A frilled lizard (D:1)
  4 rats
59 creatures vanquished.

Notes
Turn   | Place    | Note
-------+----------+-------------------------------------------
     0 | D:1      | KristoblXynda the Vampire Gladiator began the quest for the
                  | Orb.
     0 | D:1      | Reached XP level 1. HP: 16/16 MP: 1/1
   306 | D:1      | Reached XP level 2. HP: 22/22 MP: 2/2
   546 | D:1      | Reached XP level 3. HP: 26/27 MP: 3/3
   744 | D:1      | Reached skill level 1 in Armour
  1273 | D:2      | Found a faded altar of an unknown god.
  1355 | D:2      | Found an ornate altar of the Wu Jian Council.
  2025 | D:3      | Noticed Jessica
  2026 | D:3      | Found an opulent altar of Gozag.
  2029 | D:3      | Killed Jessica
  2029 | D:3      | Reached XP level 4. HP: 31/34 MP: 4/4
  2104 | D:3      | Noticed Robin
  2121 | D:3      | Reached skill level 4 in Dodging
  2154 | D:3      | Killed Robin
  2216 | D:3      | Found an ancient bone altar of Kikubaaqudgha.
  2537 | D:3      | Noticed a sky beast
  2564 | D:3      | Slain by a sky beast

Illustrated notes

Levels and vault maps discovered:
D:1:      dpeg_arrival_morbid_curiosity, layout_basic
D:2:      layout_basic, overflow_temple_1_default,
          chequers_ecumenical_altar_island
D:3:      layout_rooms, kiku_gazebo_garden_becter, nicolae_gozag_seed_capital,
          uniq_jessica, uniq_grinder, uniq_robin

Skill      XL: |  1  2  3  4 |
---------------+-------------+-----
Fighting       | 2 |  2.8
Armour         | 1 |  1.6
Dodging        | 4 |  4.2
Long Blades    | |  3.8
Throwing       | |  1.5

Action                   |  1- 3 |  4- 6 || total
-------------------------+-------+-------++-------
Melee: Long sword        |    92 |    79 ||   171
       Bite              |    10 |    11 ||    21
  Use: Scroll            |       |     3 ||     3
 Stab: Sleeping          |     1 |       ||     1
Armor: Leather armour    |    24 |       ||    24
       Ring mail         |       |    30 ||    30
Dodge: Dodged            |    71 |    68 ||   139
       Rpst.: Long sword |    20 |    13 ||    33

Table legend: (Time is in decaauts)
 A = Elapsed time spent in this place.
 B = Non-inter-level travel time spent in this place.
 C = Inter-level travel time spent in this place.
 D = Time resting spent in this place.
 E = Time spent auto-exploring this place.
 F = Levels seen in this place.
 G = Mean time per level.
                   A        B        C        D        E       F      G
               +--------+--------+--------+--------+--------+-----+--------+
         Total |   2604 |   2416 |    188 |    293 |   1378 |   3 |  868.0 |
       Dungeon |   2604 |   2416 |    188 |    293 |   1378 |   3 |  868.0 |
               +--------+--------+--------+--------+--------+-----+--------+

Top non-repeatable levels by time:
     D:2: 1032 daAuts
     D:1: 1006 daAuts
     D:3: 565 daAuts
